 Seeded DCSS version 0.29.1-12-g30fa7ad0bf (webtiles) character file.

Game seed: 20230118 (custom seed)

7731 stormannn the Markself (level 11, -29/67 HPs)
             Began as a Deep Elf Hunter on Jan 18, 2023.
             Was a Believer of Qazlal.
             Annihilated by a boulder beetle (59 damage)
             ... on level 9 of the Dungeon.
             The game lasted 00:15:11 (8345 turns).

stormannn the Markself (Deep Elf Hunter)            Turns: 8345, Time: 00:15:12

Health: -29/67     AC:  9    Str:  8    XL:     11   Next: 0%
Magic:  13/13      EV: 19    Int: 15    God:    Qazlal [**....]
Gold:   485        SH:  2    Dex: 22    Spells: 10/10 levels left

rFire   . . .      SeeInvis .   a - +5 shortbow
rCold   . . .      Faith    .   (shield currently unavailable)
rNeg    . . .      Spirit   .   c - +3 leather armour
rPois   .          Reflect  .   (no helmet)
rElec   .          Harm     .   (no cloak)
rCorr   .          Rampage  .   (no gloves)
Will    +....                   w - +2 pair of boots
Stlth   ++........              (no amulet)
HPRegen 0.21/turn               n - +4 ring of slaying
MPRegen 0.13/turn               (no ring)

@: no status effects
A: no striking features
a: Renounce Religion, Upheaval


You were on level 9 of the Dungeon.
You worshipped Qazlal.
Qazlal was pleased with you.
You visited 2 branches of the dungeon, and saw 10 of its levels.

You collected 485 gold pieces.

Inventory:

Hand Weapons
 a - a +5 shortbow (weapon)
Missiles
 p - 24 poisoned darts (quivered)
 r - 7 boomerangs
 v - 4 silver boomerangs
Armour
 c - a +3 leather armour (worn)
 w - a +2 pair of boots (worn)
Magical Staves
 A - a staff of earth
Jewellery
 n - a +4 ring of slaying (left hand)
Wands
 s - a wand of polymorph (12)
 u - a wand of iceblast (7)
 y - a wand of light (11)
 z - a wand of flame (21)
Scrolls
 b - 2 scrolls of immolation
 d - 2 scrolls of teleportation
 l - a scroll of magic mapping
 B - a scroll of identify
Potions
 e - 6 potions of curing
 f - 2 potions of mutation
 g - 4 potions of might
 h - 4 potions of lignification
 i - 2 potions of brilliance
 k - 3 potions of flight
 m - 2 potions of invisibility {unknown}
 o - a potion of attraction {unknown}
 q - a potion of resistance {unknown}
 t - a potion of heal wounds {unknown}
 x - a potion of degeneration {unknown}
 C - a potion of haste {unknown}
Miscellaneous
 j - a phial of floods


   Skills:
 + Level 7.3 Fighting
 * Level 16.1 Ranged Weapons
 + Level 10.4 Dodging
 - Level 1.2 Stealth


You had 10 spell levels left.
You didn't know any spells.
Your spell library contained the following spells:

 Spells                   Type           Power      Damage    Failure   Level
 Summon Small Mammal      Summ           0%         N/A       36%         1
 Sublimation of Blood     Necr           0%         N/A       52%         2
 Call Canine Familiar     Summ           0%         N/A       75%         3
 Summon Guardian Golem    Hex/Summ       0%         N/A       75%         3
 Corpse Rot               Necr/Pois/Air  0%         N/A       98%         4
 Dispel Undead            Necr           0%         3d6       98%         4
 Petrify                  Tmut/Erth      0%         N/A       98%         4
 Summon Ice Beast         Ice/Summ       0%         N/A       98%         4
 Irradiate                Conj/Tmut      0%         3d11      100%        5
 Summon Mana Viper        Hex/Summ       0%         N/A       100%        5
 Death Channel            Necr           0%         N/A       100%        6
 Monstrous Menagerie      Summ           0%         N/A       100%        7


Dungeon Overview and Level Annotations

Branches:
Dungeon (9/15)             Temple (1/1) D:7            Lair (0/5) D:8
    Orc: D:9-12

Altars:
Ashenzari
Cheibriados
Dithmenos
Elyvilon
Fedhas
Gozag
Hepliaklqana
Kikubaaqudgha
Makhleb
Nemelex Xobeh
Okawaru
Qazlal
Ru
Sif Muna
Trog
Uskayaw
Vehumet
Wu Jian
Xom
Yredelemnul
Zin
The Shining One

Shops:
D:3 *


Message History

The orc warrior hits you from afar with a +3 halberd!
You shoot an arrow. The arrow hits the boulder beetle!!
The boulder beetle is severely wounded.
You shoot an arrow. The arrow hits the boulder beetle.
The boulder beetle is severely wounded.
The boulder beetle leaps!
The orc warrior misses you.
Unknown command.
You shoot an arrow. The arrow hits the orc warrior.
The orc warrior is lightly wounded.
The boulder beetle curls into a ball and begins rolling!
The orc warrior hits you from afar with a +3 halberd!
You are too injured to fight recklessly!
You are too injured to fight recklessly!
You are too injured to fight recklessly!
Unknown command.
You are too injured to fight recklessly!
You are too injured to fight recklessly!
Fire: a) +5 shortbow
Press: ? - help, Shift-Dir - straight line, f/p - orc warrior
Aim: an orc warrior, wielding a +3 halberd and wearing a +0 chain mail (lightly wounded, 75% to hit)
You shoot an arrow. The arrow hits the orc warrior!
The orc warrior is heavily wounded.
The orc warrior completely misses you.
Fire: a) +5 shortbow
Press: ? - help, Shift-Dir - straight line, f/p - orc warrior
Aim: an orc warrior, wielding a +3 halberd and wearing a +0 chain mail (heavily wounded, 75% to hit)
You shoot an arrow. The arrow hits the orc warrior!
You kill the orc warrior!
Qazlal accepts your kill.
You have reached level 11!
Unknown command.
Fire: a) +5 shortbow
Press: ? - help, Shift-Dir - straight line, f - boulder beetle
Aim: a boulder beetle (severely wounded, rolling, 93% to hit)
You shoot an arrow.
The arrow hits the boulder beetle but does no damage.
The boulder beetle is severely wounded.
The boulder beetle hits you!!!
Ouch! That really hurt!
You die...

#....................
#.
#......##...........
#.
#########.......#####
#. #........##...##
#. #...####.'..)).#
+. #..## ###.....# #.
#..# #.....# #. ##)#
+#')..## #. #.#
#@##### .. #.. #B#
... ##. #○# .. $°°
#.# ###


You could see a boulder beetle (rolling).

Vanquished Creatures
  Amaemon (D:9)
  An orange demon (D:9)
  2 kobold demonologists (D:8)
  Prince Ribbit (D:7)
  A hornet (D:8)
  A shadow (D:9)
  16 yaks
  A steam dragon (D:9)
  A water moccasin (D:7)
  2 sky beasts (D:7)
  A swamp drake (D:6)
  An ice beast (D:8)
  6 orc warriors
  5 black bears
  3 centaurs
  A phantom (D:7)
  3 kobold brigands
  5 bullfrogs
  3 scorpions
  A howler monkey (D:7)
  2 jellies
  A gnoll bouda (D:9)
  4 hounds
  8 orc priests
  4 iguanas
  5 orc wizards
  5 gnolls
  5 adders
  2 shadow imps
  2 ufetubi
  A worm (D:3)
  2 dart slugs (D:2)
  21 orcs
  4 endoplasms
  3 giant cockroaches
  10 goblins
  12 hobgoblins
  2 jackals (D:1)
  10 kobolds
  3 quokkas
  6 ball pythons
  5 bats
  2 frilled lizards
  2 rats (D:1)
177 creatures vanquished.

Vanquished Creatures (others)
  32 fungi (D:8)
  36 plants
68 creatures vanquished.

Grand Total: 245 creatures vanquished

Notes
Turn   | Place    | Note
-------+----------+-------------------------------------------
     0 | D:1      | stormannn the Deep Elf Hunter began the quest for the Orb.
     0 | D:1      | Reached XP level 1. HP: 12/12 MP: 3/3
   201 | D:1      | Reached XP level 2. HP: 17/17 MP: 4/4
   279 | D:1      | Found a faded altar of an unknown god.
   695 | D:2      | Reached skill level 6 in Ranged Weapons
   695 | D:2      | Reached XP level 3. HP: 18/21 MP: 5/5
   841 | D:2      | Reached XP level 4. HP: 9/26 MP: 6/6
  1335 | D:2      | Noticed a scorpion
  1339 | D:2      | Killed a scorpion
  1340 | D:2      | Reached skill level 7 in Ranged Weapons
  1340 | D:2      | Reached XP level 5. HP: 31/31 MP: 7/7
  1583 | D:3      | Found a glowing golden altar of the Shining One.
  1696 | D:3      | Found Xontaf's General Store.
  1825 | D:3      | Found a broken altar of Ashenzari.
  2122 | D:4      | Noticed a black bear
  2130 | D:4      | Killed a black bear
  2131 | D:4      | Reached XP level 6. HP: 12/36 MP: 8/8
  2372 | D:4      | Found an opulent altar of Gozag.
  2389 | D:4      | Found a stormy altar of Qazlal.
  2390 | D:4      | Found a snail-covered altar of Cheibriados.
  2391 | D:4      | Found a shadowy altar of Dithmenos.
  2393 | D:4      | Found a sacrificial altar of Ru.
  2468 | D:4      | Found a white marble altar of Elyvilon.
  2531 | D:4      | Reached skill level 8 in Ranged Weapons
  2622 | D:4      | Found a basalt altar of Yredelemnul.
  2786 | D:5      | Entered Level 5 of the Dungeon
  3099 | D:5      | Reached XP level 7. HP: 41/41 MP: 9/9
  3261 | D:5      | Reached skill level 5 in Dodging
  3740 | D:5      | Reached skill level 9 in Ranged Weapons
  4855 | D:6      | Reached skill level 10 in Ranged Weapons
  5114 | D:6      | Reached XP level 8. HP: 48/48 MP: 10/10
  5634 | D:7      | Noticed Prince Ribbit
  5649 | D:7      | Killed Prince Ribbit
  5650 | D:7      | Reached skill level 11 in Ranged Weapons
  5830 | D:7      | Found a staircase to the Ecumenical Temple.
  5837 | Temple   | Entered the Ecumenical Temple
  6148 | D:4      | Became a worshipper of Qazlal Stormbringer
  6226 | D:8      | Noticed a kobold demonologist
  6262 | D:7      | Reached skill level 5 in Fighting
  6324 | D:7      | Found a shimmering blue altar of Sif Muna.
  6477 | D:7      | Reached skill level 12 in Ranged Weapons
  6477 | D:7      | Reached XP level 9. HP: 53/54 MP: 11/11
  6714 | D:8      | Reached skill level 13 in Ranged Weapons
  6989 | D:8      | Found a radiant altar of Vehumet.
  7050 | D:8      | Noticed a kobold demonologist
  7058 | D:8      | Noticed an orange demon
  7059 | D:8      | Noticed an ice devil
  7059 | D:8      | Killed a kobold demonologist
  7066 | D:8      | Killed a kobold demonologist
  7067 | D:8      | Reached skill level 14 in Ranged Weapons
  7125 | D:8      | Reached XP level 10. HP: 42/60 MP: 12/12
  7128 | D:8      | Reached * piety under Qazlal
  7604 | D:8      | Found a staircase to the Lair.
  7704 | D:9      | Found an iron altar of Okawaru.
  7859 | D:9      | Noticed Amaemon
  7861 | D:9      | Noticed an orange demon
  7872 | D:9      | Killed Amaemon
  7873 | D:9      | Reached skill level 15 in Ranged Weapons
  7895 | D:9      | Killed an orange demon
  7998 | D:9      | Reached skill level 10 in Dodging
  8201 | D:9      | Reached ** piety under Qazlal
  8226 | D:9      | Reached skill level 16 in Ranged Weapons
  8330 | D:9      | Noticed a boulder beetle
  8345 | D:9      | Reached XP level 11. HP: 29/67 MP: 13/13
  8345 | D:9      | Annihilated by a boulder beetle

Illustrated notes

Levels and vault maps discovered:
D:1:      saegor_arrival_fortress, layout_basic, basic_ecumenical_altar,
          chequers_serial_rivers_micro_e, st_stairs_14, minmay_domino_2
D:2:      layout_rooms
D:3:      layout_rooms, nicolae_overflow_crystal_walls,
          ashenzari_conservatory_becter, serial_shops,
          nicolae_shop_advertising_works [nicolae_subvault_shop_adworks]
D:4:      layout_cave_pools, lemuel_doored_altar, minitemple,
          nicolae_overflow_hidden_temple
D:5:      layout_basic
D:6:      layout_gridville
D:7:      kb_forest_paths, layout_loops_ring, mainiacjoe_overflow_chevrons,
          temple_green, uniq_prince_ribbit1
D:8:      layout_rooms, vehumet_altar_wand_db, grunt_lair_entry_orc_guard_hut
D:9:      layout_gridville, okawaru_gym_becter, gammafunk_ghost_hydra_chop,
          minmay_joined_circles, uniq_amaemon, uniq_joseph
Temple:   hellmonk_temple_beads

Skill      XL: |  1  2  3  4  5  6  7  8  9 10 |
---------------+-------------------------------+-----
Fighting       | 2 3 4 5 6 7 |  7.3
Ranged Weapons | 6 7 8 10 12 14 16 | 16.1
Dodging        | 3 4 5 7 9 10 | 10.4
Stealth        | |  1.2

Action                   |  1- 3 |  4- 6 |  7- 9 | 10-12 || total
-------------------------+-------+-------+-------+-------++-------
 Fire: Shortbow          |    55 |   116 |   195 |   190 ||   556
Throw: Dart              |       |       |     1 |     2 ||     3
Evoke: Wand              |       |       |     1 |       ||     1
  Use: Scroll            |       |    15 |     4 |     6 ||    25
Armor: Leather armour    |     3 |    11 |    17 |     1 ||    32
Dodge: Dodged            |    13 |    23 |    57 |    35 ||   128
Block: Other             |       |       |       |     5 ||     5
